 Dungeon Crawl Stone Soup version 0.32-a0-898-g7811c86cf0 (webtiles) character file.

Game seed: 12450598051959908858

110 Heh the Slasher (level 4, 0/35 HPs)
             Began as a Coglin Monk on Apr 5, 2024.
             Slain by Edmund
             ... wielding a +2 heavy flail
              (16 damage)
             ... on level 4 of the Dungeon.
             The game lasted 00:03:37 (2236 turns).

Heh the Slasher (Coglin Monk)                       Turns: 2236, Time: 00:03:38

Health: 0/35       AC: 13    Str: 11    XL:     4   Next: 91%
Magic:  4/4        EV:  9    Int: 10    God:
Gold:   137        SH:  0    Dex: 18    Spells: 3/3 levels left

rFire   . . .        a - +0 falchion (protect) {Tihomir}
rCold   . . .        k - +0 falchion {Waqi}
rNeg    . . .        j - +0 scale mail
rPois   .            (no helmet)
rElec   .            (no cloak)
rCorr   .            (no gloves)
SInv    .            (no boots)
Will    .....        (amulet unavailable) Stlth
                     (ring unavailable)
HPRegen 0.25/turn    (ring unavailable)
MPRegen 0.09/turn    (no gizmo)

%: no passive effects
@: confused, ambrosia-drunk, under a protective aura, revved
A: off-hand wielding, slow wielding, warmup strikes, no jewellery
a: Invent Gizmo


You were on level 4 of the Dungeon.
You visited 1 branch of the dungeon, and saw 4 of its levels.

You collected 137 gold pieces.

Inventory:

Hand Weapons
 a - a +0 falchion of protection (weapon) {Tihomir}
 k - a +0 falchion (offhand) {Waqi}
Armour
 b - a +0 robe
 d - an orb of light
 j - a +0 scale mail (worn)
 n - a +0 ring mail
Scrolls
 g - 3 scrolls of immolation
 p - a scroll of blinking
Potions
 f - 3 potions of brilliance
 i - 2 potions of lignification
 l - 2 potions of resistance {unknown}
 m - a potion of cancellation {unknown}


   Skills:
 + Level 3.5 Fighting
 * Level 4.2 Long Blades
 * Level 3.7 Dodging


You had 3 spell levels left.
You didn't know any spells.
Your spell library contained the following spells:

 Spells                   Type           Power      Damage    Failure   Level
 Kiss of Death            Conj/Necr      0%         2d5       94%         1
 Confusing Touch          Hex            0%         N/A       100%        3
 Dazzling Flash           Conj/Hex       0%         N/A       100%        3
 Frozen Ramparts          Ice            0%         1d1       100%        3
 Mephitic Cloud           Conj/Alch/Air  0%         N/A       100%        3
 Ozocubu's Armour         Ice            0%         N/A       100%        3
 Tukima's Dance           Hex            0%         N/A       100%        3
 Cause Fear               Hex            0%         N/A       100%        4
 Dimensional Bullseye     Hex/Tloc       0%         N/A       100%        4
 Dispel Undead            Necr           0%         3d6       100%        4
 Iskenderun's Mystic Bla Conj/Tloc 0%             2d3        (+2d1     100%        4
 Curse of Agony           Necr           0%         N/A       100%        5
 Fireball                 Conj/Fire      0%         3d3       100%        5
 Metabolic Englaciation   Hex/Ice        0%         N/A       100%        5
 Silence                  Hex/Air        0%         N/A       100%        5
 Dragon's Call            Summ           0%         N/A       100%        9


Dungeon Overview and Level Annotations

Branches:
Dungeon (4/15)
 Temple: D:4-7

Altars:
Qazlal

Annotations:
D:3 1 runed translucent door, EvilEddieB's ghost, amateur DsNe
D:4 Edmund


Innate Abilities, Weirdness & Mutations

You can wield a second weapon in your off-hand.
It takes a long time for you to wield or remove held weapons.
Your first few attacks do less damage.
You cannot equip rings or amulets.


Message History

You are poisoned.
The adder poisons you! Edmund barely misses you.
You hear a distant slurping noise.
The adder barely misses you.
Okay, then.
As you read the scroll of brand weapon, it crumbles to dust.
Your +0 falchion {Tihomir} projects an invisible shield of force!
a - a +0 falchion of protection (weapon)
{Tihomir} You feel sick.
The adder bites you but does no damage. Edmund hits you with a +2 heavy flail.
You closely miss Edmund with your +0 falchion of protection.
Edmund is lightly wounded.
You hit Edmund but do no damage.
You feel sick. The adder barely misses you.
Unknown command.
You hit the adder with your +0 falchion of protection.
Your weapon exudes an aura of protection.
The adder is lightly wounded.
You barely miss the adder with your +0 falchion.
You feel sick. The adder bites you but does no damage.
Edmund hits you with a +2 heavy flail. The adder bites you but does no damage.
Unknown command.
You barely miss the adder with your +0 falchion.
The adder is lightly wounded.
You closely miss the adder with your +0 falchion of protection.
You feel sick. The adder bites you.
* * * LOW HITPOINT WARNING * * *
Edmund closely misses you.
Unknown command.
You slash the adder with your +0 falchion!
The adder is almost dead.
You slash the adder with your +0 falchion of protection!
You kill the adder!
You feel sick. Edmund hits you with a +2 heavy flail!
* * * LOW HITPOINT WARNING * * *
Unknown command.
You feel better.
You are confused.
You feel invigorated. Edmund hits you with a +2 heavy flail!
You die...
Edmund says, "That'll show my brother!"

## #.# #.#
##@######
#####..@....#
......#)###.#..
#####..........
#..........
#.!####.#.# #..
# .... .##.# #
#.


You could see Edmund.

Vanquished Creatures
  3 adders
  2 ufetubi (D:3)
  2 ribbon worms
  An orc (D:3)
  4 ball pythons
  8 endoplasms
  4 giant cockroaches
  8 goblins
  7 hobgoblins
  3 jackals (D:1)
  A quokka (D:1)
  6 bats
  A frilled lizard (D:1)
  6 kobolds
  6 rats
62 creatures vanquished.

Notes
Turn   | Place    | Note
-------+----------+-------------------------------------------
     0 | D:1      | Heh the Coglin Monk began the quest for the Orb.
     0 | D:1      | Reached XP level 1. HP: 18/18 MP: 1/1
    82 | D:1      | Reached XP level 2. HP: 24/24 MP: 2/2
   215 | D:1      | Found a faded altar of an unknown god.
   551 | D:1      | Reached XP level 3. HP: 27/29 MP: 3/3
  1396 | D:2      | Reached XP level 4. HP: 29/35 MP: 4/4
  1551 | D:3      | Noticed EvilEddieB's ghost (amateur DsNe)
  1556 | D:3      | Reached skill level 4 in Long Blades
  1637 | D:3      | Found a runed translucent door.
  2009 | D:3      | Found a stormy altar of Qazlal.
  2223 | D:4      | Noticed a torpor snail
  2223 | D:4      | Noticed a scorpion
  2224 | D:4      | Noticed Edmund
  2234 | D:4      | HP: 1/35 [Edmund/+2 heavy flail (8)]
  2236 | D:4      | Slain by Edmund

Illustrated notes

Levels and vault maps discovered:
D:1:      zelgadis_glass_arrival_small, layout_basic,
          chequers_ecumenical_altar_island
D:2:      layout_loops_cross
D:3:      minmay_wonky_spiral, layout_rooms, mainiacjoe_overflow_alcove_4,
          hellmonk_ghost_happy_afterlife, guppyfry_early_lair_pool
D:4:      layout_loops_ring, cheibriados_altar_2, dk_yredelemnul_ordeal,
          lemuel_doored_altar, uniq_edmund

Skill      XL: |  1  2  3  4 |
---------------+-------------+-----
Dodging        | 3 |  3.7
Long Blades    | 4 |  4.2
Fighting       | |  3.5

Action                     |  1- 3 |  4- 6 || total
---------------------------+-------+-------++-------
  Melee: Falchion          |   107 |    64 ||   171
    Use: Scroll            |       |    11 ||    11
         Potion            |       |     2 ||     2
 Armour: Robe              |    68 |       ||    68
         Scale mail        |    12 |    38 ||    50
  Dodge: Dodged            |    76 |    17 ||    93

Table legend: (Time is in decaauts)
 A = Elapsed time spent in this place.
 B = Non-inter-level travel time spent in this place.
 C = Inter-level travel time spent in this place.
 D = Time resting spent in this place.
 E = Time spent auto-exploring this place.
 F = Levels seen in this place.
 G = Mean time per level.
                   A        B        C        D        E       F      G
               +--------+--------+--------+--------+--------+-----+--------+
         Total |   2259 |   2229 |     30 |     81 |   1697 |   4 |  564.8 |
       Dungeon |   2259 |   2229 |     30 |     81 |   1697 |   4 |  564.8 |
               +--------+--------+--------+--------+--------+-----+--------+

Top non-repeatable levels by time:
     D:1: 947 daAuts
     D:3: 720 daAuts
     D:2: 578 daAuts
     D:4: 13 daAuts
